 Dungeon Crawl Stone Soup version 0.30-a0-920-g7493c07aab (webtiles) character file.

Game seed: 12595040760761088160

386 Sobieck the Covered (level 6, -3/59 HPs)
             Began as an Armataur Fighter on Mar 21, 2023.
             Killed by nerve-wracking pain
             ... invoked by Grinder
              (5 damage)
             ... on level 2 of the Dungeon.
             The game lasted 00:06:47 (2985 turns).

Sobieck the Covered (Armataur Fighter)              Turns: 2985, Time: 00:06:47

Health: -3/59      AC:  7    Str: 23    XL:     6   Next: 48%
Magic:  6/6        EV:  7    Int:  9    God:
Gold:   87         SH:  4    Dex:  9    Spells: 5/5 levels left

rFire   . . .      SeeInvis +    a - +0 rapier {short}
rCold   . . .      Faith    .    c - +0 buckler
rNeg    . . .      Spirit   .    b - +0 scale mail
rPois   +          Reflect  .    (no helmet)
rElec   .          Roll     +    (no cloak)
rCorr   .                        (no gloves)
Will    .....                    (no barding) Stlth
                                 (no amulet)
HPRegen 0.29/turn                i - ring of see invisible
MPRegen 0.10/turn                r - ring of poison resistance

@: no status effects
A: large, rugged brown scales 3, deformed body, armoured tail, roll, long
tongue, awkward tongue
a: no special abilities


You were on level 2 of the Dungeon.
You visited 1 branch of the dungeon, and saw 3 of its levels.

You collected 87 gold pieces.


Innate Abilities, Weirdness & Mutations

You are completely covered in rugged brown scales. (AC +3, +7% HP)
Armour fits poorly on your strangely shaped body.
You have a long armoured tail.
You roll when moving toward enemies. (Rampage)
Your long tongue fully drains potion bottles. (2x potion effects)
Your tongue gives you trouble enunciating. (1.5x scroll delay)


   Skills:
 + Level 5.1 Fighting
 - Level 1.7 Short Blades
 + Level 6.7 Armour
 - Level 3.2 Shields


You had 5 spell levels left.
You didn't know any spells.
Your spell library contained the following spells:

 Spells                   Type           Power      Damage    Failure   Level
 Ensorcelled Hibernation  Hex/Ice        0%         N/A       86%         2
 Spider Form              Tmut/Pois      0%         N/A       98%         3
 Anguish                  Hex/Necr       0%         N/A       100%        4

Inventory:

Hand Weapons
 a - a +0 rapier (weapon) {short}
 z - a +0 dagger of draining {short}
   (You took it off a goblin on level 3 of the Dungeon)
 E - a +2 dagger of flaming {short}
   (You took it off an orc on level 3 of the Dungeon)
Missiles
 e - 31 stones (quivered) {throwing}
 n - 2 poisoned darts {throwing}
Armour
 b - a +0 scale mail (worn)
 c - a +0 buckler (worn)
 d - a +0 robe
   (You took it off Sigmund on level 3 of the Dungeon)
 f - a +2 leather armour of fire resistance
   (You took it off Ijyb on level 3 of the Dungeon)
 j - a +0 leather armour
   (You found it on level 1 of the Dungeon)
 s - a +0 leather armour
   (You took it off a hobgoblin on level 2 of the Dungeon)
 t - a +0 leather armour
   (You found it on level 2 of the Dungeon)
 x - a +0 robe
   (You took it off an orc wizard on level 3 of the Dungeon)
 y - a +0 scale mail
   (You found it on level 3 of the Dungeon)
 A - a +0 robe
   (You took it off Jessica on level 3 of the Dungeon)
 D - a +0 robe
   (You took it off an orc wizard on level 2 of the Dungeon)
Jewellery
 h - a ring of flight
   (You found it on level 1 of the Dungeon)
 i - a ring of see invisible (left hand)
   (You found it on level 1 of the Dungeon)
 r - a ring of poison resistance (right hand)
   (You found it on level 2 of the Dungeon)
 w - a ring of protection from fire
   (You found it on level 2 of the Dungeon)
Wands
 q - a wand of roots (10)
   (You found it on level 2 of the Dungeon)
Scrolls
 g - 3 scrolls of teleportation {unknown}
 l - a scroll of immolation {unknown}
 p - a scroll of silence {unknown}
 v - a scroll of poison {unknown}
 C - a scroll of magic mapping {unknown}
Potions
 o - a potion of lignification {unknown}
 u - a potion of magic {unknown}
 B - 3 potions of flight {unknown}

Dungeon Overview and Level Annotations

Branches:
Dungeon (3/15) Zot: 14963

Altars:
Zin

Annotations:
D:2 Grinder
D:3 1 runed translucent door, Crazy Yiuf

############# ##..<.........
#####...########## #.......#
# #.###...########## #@#
####.....†.... #5#
#.######### #.# #.# # #.#
#.#########
######.######.#........
#######..........>..#.#######
#........###.#.####.......# #
#.#####..# #........#.###.#
#.# #..# ###.#.####.# #.#


You could see Grinder.


Message History

You climb upwards.
There is a stone staircase leading down, spattered with blood here.
Unknown command.
Unknown command.
Okay, then.
You closely miss Grinder.
Your tail-slap misses Grinder.
Grinder hits you.
You writhe in agony.
You hit Grinder. You tail-slap Grinder! Grinder hits you.
You writhe in agony.
* * * LOW HITPOINT WARNING * * *
You hit Grinder.
Grinder blinks!
Unknown command.
You feel much better.
You slurp down every last drop of the potion of heal wounds {@q2}!
You roll towards Grinder!
You hit Grinder. Grinder hits you but does no damage.
You closely miss Grinder.
Grinder blinks!
Grinder gestures at you. You resist with significant effort.
You roll towards Grinder!
Grinder is no longer unusually resistant.
You roll towards Grinder!
You barely miss Grinder. Grinder completely misses you.
Grinder gestures at you. You resist with significant effort.
Unknown command.
You barely miss Grinder. Grinder hits you but does no damage.
You hit Grinder but do no damage.
Grinder zaps a wand.
The bolt of dispelling energy hits you!
You hit Grinder but do no damage.
Your tail-slap misses Grinder.
Grinder gestures at you. Pain shoots through your body!
You barely miss Grinder. Grinder hits you.
You writhe in agony.
* * * LOW HITPOINT WARNING * * *
Unknown command.
You feel much better.
You slurp down every last drop of the potion of heal wounds {@q2}!
Grinder zaps a wand.
The bolt of dispelling energy hits you!!
You hit Grinder but do no damage.
Your tail-slap misses Grinder.
Grinder hits you.
You writhe in agony.
Grinder hits you but does no damage.
You hit Grinder. Grinder hits you.
You hit Grinder.
Your tail-slap misses Grinder.
Grinder blinks!
Unknown command.
There is a stone staircase leading down, spattered with blood here.
Unknown command.
You roll towards Grinder!
You barely miss Grinder.
Your tail-slap misses Grinder.
Grinder hits you.
* * * LOW HITPOINT WARNING * * *
You writhe in agony.
* * * LOW HITPOINT WARNING * * *
Okay, then.
Grinder attacks as you move away! You block Grinder's attack.
Grinder gestures at you.
You suddenly lose the ability to move!
Grinder hits you!
* * * LOW HITPOINT WARNING * * *
You writhe in agony.
* * * LOW HITPOINT WARNING * * *
Grinder hits you.
* * * LOW HITPOINT WARNING * * *
Grinder zaps a wand.
The bolt of dispelling energy hits you.
Your magical effects are unravelling.
* * * LOW HITPOINT WARNING * * *
The now-empty wand crumbles to dust.
You can move again.
There is a stone staircase leading down, spattered with blood here.
Unknown command.
You feel better.
You slurp down every last drop of the potion of curing {@q1}!
Grinder gestures at you. Pain shoots through your body!
* * * LOW HITPOINT WARNING * * *
You feel better.
You slurp down every last drop of the potion of curing {@q1}!
Grinder gestures at you. You resist with significant effort.
You hit Grinder. Grinder hits you.
* * * LOW HITPOINT WARNING * * *
You writhe in agony.
* * * LOW HITPOINT WARNING * * *
You hit Grinder. Grinder barely misses you.
You hit Grinder but do no damage.
You tail-slap Grinder, but do no damage.
Grinder gestures at you. Pain shoots through your body!
* * * LOW HITPOINT WARNING * * *
You hit Grinder but do no damage. Grinder hits you!
* * * LOW HITPOINT WARNING * * *
You hit Grinder but do no damage. Grinder hits you but does no damage.
Grinder gestures at you. Pain shoots through your body!
* * * LOW HITPOINT WARNING * * *
You hit Grinder.
Your tail-slap misses Grinder.
Grinder hits you but does no damage.
You hit Grinder but do no damage. Grinder gestures at you.
Pain shoots through your body!
You die...

Skill      XL: |  1  2  3  4  5  6 |
---------------+-------------------+-----
Fighting       | 3 4 5 |  5.1
Armour         | 4 5 6 |  6.7
Short Blades   | |  1.7
Shields        | |  3.2

Action                     |  1- 3 |  4- 6 || total
---------------------------+-------+-------++-------
  Melee: Rapier            |   145 |   150 ||   295
         Tailslap          |    11 |    20 ||    31
    Use: Potion            |       |     6 ||     6
         Scroll            |       |     3 ||     3
 Armour: Scale mail        |    81 |    62 ||   143
  Dodge: Dodged            |    62 |    35 ||    97
  Block: Buckler           |    26 |    19 ||    45

Levels and vault maps discovered:
D:1:      minmay_arrival_glassed_features, layout_loops_corners
D:2:      layout_loops_ring, basic_altar
D:3:      layout_loops_ring, serial_forest, infiniplex_forest_lined_2,
          infiniplex_forest_clump_double, infiniplex_forest_zigzag_1,
          infiniplex_forest_end_double, infiniplex_forest_zigzag_2,
          infiniplex_forest_straight_3, infiniplex_forest_lined_room_3,
          infiniplex_forest_lined_room_, chequers_ecumenical_altar_grove,
          minmay_misc_feat_tower, patterned_corridor, uniq_sigmund,
          uniq_jessica, uniq_crazy_yiuf_cottage, uniq_ijyb, uniq_grinder,
          uniq_natasha

Notes
Turn   | Place    | Note
-------+----------+-------------------------------------------
     0 | D:1      | Sobieck the Armataur Fighter began the quest for the Orb.
     0 | D:1      | Reached XP level 1. HP: 19/19 MP: 1/1
     3 | D:1      | You pick up a book of Dreams and begin reading...
     3 | D:1      | You add the spells Ensorcelled Hibernation, Spider Form and
                  | Anguish to your library.
   238 | D:1      | Reached skill level 3 in Fighting
   238 | D:1      | Reached skill level 4 in Armour
   238 | D:1      | Reached XP level 2. HP: 27/27 MP: 2/2
  1108 | D:2      | Reached XP level 3. HP: 22/33 MP: 3/3
  1353 | D:2      | Found a glowing silver altar of Zin.
  1805 | D:3      | Noticed Jessica
  1808 | D:3      | Killed Jessica
  1809 | D:3      | Reached skill level 5 in Armour
  1809 | D:3      | Reached XP level 4. HP: 33/37 MP: 4/4
  1866 | D:3      | Noticed Natasha
  1878 | D:3      | Killed Natasha
  1934 | D:3      | Reached skill level 4 in Fighting
  2013 | D:3      | Noticed Sigmund
  2042 | D:3      | Killed Sigmund
  2043 | D:3      | Reached skill level 6 in Armour
  2043 | D:3      | Reached XP level 5. HP: 22/50 MP: 5/5
  2043 | D:3      | Reached XP level 6. HP: 25/56 MP: 6/6
  2233 | D:3      | Found a runed translucent door.
  2234 | D:3      | Noticed Crazy Yiuf
  2431 | D:3      | Noticed Natasha
  2444 | D:3      | Noticed Ijyb
  2781 | D:3      | Killed Natasha
  2782 | D:3      | Reached skill level 5 in Fighting
  2788 | D:3      | Killed Ijyb
  2922 | D:3      | Noticed Grinder
  2947 | D:3      | Paralysed by Grinder for 2 turns
  2972 | D:2      | Paralysed by Grinder for 5 turns
  2974 | D:2      | HP: 13/59 [Grinder (2)]
  2976 | D:2      | HP: 6/59 [Grinder/bolt of dispelling energy (6)]
  2981 | D:2      | HP: 10/59 [Grinder/nerve-wracking pain (11)]
  2982 | D:2      | HP: 3/59 [Grinder (8)]
  2983 | D:2      | HP: 1/59 [Grinder/nerve-wracking pain (2)]
  2985 | D:2      | Killed from afar by Grinder

Vanquished Creatures
  Sigmund (D:3)
  Jessica (D:3)
  Ijyb (D:3)
  Natasha (twice) (D:3)
  2 orc wizards
  An adder (D:3)
  2 dart slugs
  2 orcs
  6 ball pythons
  4 bats
  3 endoplasms
  A giant cockroach (D:1)
  3 goblins
  3 hobgoblins
  10 jackals
  3 quokkas
  2 frilled lizards
  5 kobolds
  5 rats
57 creatures vanquished.

Table legend:
 A = Non-vault XP
 B = Vault XP
 C = Vault XP percentage of total XP
 D = Non-vault monster count
 E = Vault monster count
 F = Vault count percentage of total count
                 A         B        C        D         E       F
            +---------+---------+-------+---------+---------+-------
      Total |     205 |     347 |  62.9 |      53 |       4 |   7.0
            +---------+---------+-------+---------+---------+-------
        D:1 |      37 |       0 |   0.0 |      21 |       0 |   0.0
        D:2 |      67 |       0 |   0.0 |      19 |       0 |   0.0
        D:3 |     101 |     347 |  77.5 |      13 |       4 |  23.5
            +---------+---------+-------+---------+---------+-------

Illustrated notes

Table legend:
 A = Kills in this place as a percentage of kills in the entire game.
 B = Kills by you in this place as a percentage of kills by you in the entire game.
 C = Kills by friends in this place as a percentage of kills by friends in the entire game.
 D = Other kills in this place as a percentage of other kills in the entire game.
 E = Experience gained in this place as a percentage of experience gained in the entire game.
 F = Experience gained in this place divided by the number of levels of this place that you have seen.
                   A       B       C       D       E      F
               +-------+-------+-------+-------+-------+----------------------
         Total | 100.0 | 100.0 |   N/A |   N/A | 100.0 | 184.0
       Dungeon | 100.0 | 100.0 |   N/A |   N/A | 100.0 | 184.0
               +-------+-------+-------+-------+-------+----------------------

Table legend: (Time is in decaauts)
 A = Elapsed time spent in this place.
 B = Non-inter-level travel time spent in this place.
 C = Inter-level travel time spent in this place.
 D = Time resting spent in this place.
 E = Time spent auto-exploring this place.
 F = Levels seen in this place.
 G = Mean time per level.
                   A        B        C        D        E       F      G
               +--------+--------+--------+--------+--------+-----+--------+
         Total |   3035 |   2971 |     64 |    391 |   2003 |   3 | 1011.7 |
       Dungeon |   3035 |   2971 |     64 |    391 |   2003 |   3 | 1011.7 |
               +--------+--------+--------+--------+--------+-----+--------+

Top non-repeatable levels by time:
     D:2: 1081 daAuts
     D:1: 978 daAuts
     D:3: 976 daAuts
